Blue Jackets vs Maple Leafs

Created - March 10, 2022 at 19:32

Goals
1 2 3 T
Blue Jackets 1 1 1 3
Maple Leafs 0 1 1 2
Shots
1 2 3 T
Blue Jackets 11 8 8 27
Maple Leafs 8 10 16 34

1st period

1. Blue Jackets , Henrik Sedin 11 (Brandon Bollig 4, Rickard Rakell 13) at 19:16 (PP)

Penalties :
Patrick Kane (TOR) for Hooking (Minor) at 2:12, Patrice Cormier (TOR) for High sticking (Minor) at 18:30, Mike Lundin (Clb) for High sticking (Minor) at 19:40

2nd period

2. Maple Leafs , Claude Giroux 28 (Tim Schaller 6) at 11:42
3. Blue Jackets , Henrik Sedin 12 (Rickard Rakell 14, Mike Lundin 15) at 12:19

Penalties :
Claude Giroux (TOR) for Slashing (Minor) at 9:24

3rd period

4. Maple Leafs , Andre Burakovsky 17 (Brayden Schenn 30, Claude Giroux 25) at 5:18
5. Blue Jackets , Bobby Ryan 8 (Artemi Panarin 23, Tyler Seguin 22) at 8:31 (PP)

Penalties :
Zach Werenski (TOR) for Tripping (Minor) at 0:27, Brandon Saad (TOR) for Hooking (Minor) at 8:00, Zach Werenski (TOR) for Hooking (Minor) at 9:11, Bo Horvat (TOR) for High sticking (Minor) at 14:39

Goalie Stats

Rick DiPietro (Clb), 32 saves from 34 shots - (0.941), W, 6-13-5, 60:00 minutes
John Gibson (TOR), 24 saves from 27 shots - (0.889), L, 16-11-1, 59:03 minutes

Players Stats for Blue Jackets

Player Name              G  A  P  +/- PIM S  H  SB GA TA FO     MP     PP MP  PK MP  
------------------------------------------------------------------------------------
Artemi Panarin           0  1  1   0  0   2  2  2  1  0  1/2    22:08   6:45   1:14 
Bobby Ryan               1  0  1   0  0   4  1  0  0  0  2/2    21:23   6:45   0:33 
Brandon Bollig           0  1  1   1  0   2  3  1  0  0  0/0    18:26   4:25   0:12 
Cam Fowler               0  0  0   1  0   0  2  3  3  1  0/0    28:51   7:05   1:11 
Dennis Wideman           0  0  0   0  0   4  0  0  2  1  0/0    20:18   4:07   0:48 
Devin Setoguchi          0  0  0   0  0   0  0  0  0  1  1/1     6:13   0:02   0:12 
Emerson Etem             0  0  0   0  0   0  0  0  0  0  0/0     1:57   0:00   0:00 
Henrik Sedin             2  0  2   1  0   3  1  1  0  0  5/14   18:54   4:25   0:33 
Kevin Porter             0  0  0   0  0   0  0  0  1  0  1/4     5:06   0:00   0:00 
Mike Lundin              0  1  1   1  2   1  1  2  1  1  0/0    27:34   7:05   0:00 
Rickard Rakell           0  2  2   1  0   2  2  2  1  1  0/0    18:14   4:25   0:00 
Rob Scuderi              0  0  0   0  0   0  0  0  0  1  0/0    20:18   4:07   0:48 
Ryan Wilson              0  0  0  -2  0   0  1  0  0  0  0/0    11:01   0:00   0:00 
Shea Theodore            0  0  0  -2  0   1  0  0  0  1  0/0    12:12   0:00   1:11 
T.J. Oshie               0  0  0  -2  0   0  1  1  0  0  0/0    12:21   0:12   0:00 
Tim Connolly             0  0  0  -2  0   1  0  0  0  0  4/5    13:28   0:00   0:00 
Tyler Kennedy            0  0  0  -2  0   3  0  0  0  1  0/0    13:51   0:02   0:00 
Tyler Seguin             0  1  1   0  0   4  2  0  0  3  16/30  25:45   6:35   1:14 

Players Stats for Maple Leafs

Player Name              G  A  P  +/- PIM S  H  SB GA TA FO     MP     PP MP  PK MP  
------------------------------------------------------------------------------------
Andre Burakovsky         1  0  1   1  0   2  1  0  0  0  0/2    15:53   0:53   0:00 
Beau Bennett             0  0  0  -1  0   3  1  2  1  0  0/1    11:14   0:00   0:00 
Bo Horvat                0  0  0  -1  2   1  0  0  0  0  2/3    13:57   0:53   1:01 
Brandon Saad             0  0  0  -1  2   1  3  0  0  0  0/0    13:06   0:00   1:30 
Brayden Schenn           0  1  1   2  0   2  0  1  2  1  16/33  25:09   1:06   7:05 
Braydon Coburn           0  0  0   1  0   2  0  0  0  0  0/0    19:36   0:00   6:42 
Claude Giroux            1  1  2   2  2   4  2  2  3  2  1/1    24:05   1:06   6:02 
Hampus Lindholm          0  0  0   0  0   1  0  1  0  0  0/0    26:33   1:23   4:30 
Jake Guentzel            0  0  0   0  0   3  1  0  2  1  0/0    16:02   0:53   3:35 
John Klingberg           0  0  0   1  0   1  1  0  0  1  0/0    22:17   0:36   4:30 
Jon Merrill              0  0  0   0  0   3  0  2  0  3  0/0    22:50   0:36   6:42 
Logan Couture            0  0  0   0  0   4  2  1  0  0  9/16   14:20   0:00   2:50 
Patrice Cormier          0  0  0   0  2   1  0  0  0  0  0/2     6:39   0:00   0:00 
Patrick Kane             0  0  0   0  2   2  3  0  0  0  0/0    14:18   1:06   0:00 
Pontus Aberg             0  0  0   0  0   1  0  0  0  0  0/0     6:40   0:00   0:00 
Ryan Parent              0  0  0   1  0   2  0  0  0  0  0/0    10:37   0:00   0:00 
Tim Schaller             0  1  1   1  0   0  1  0  1  1  0/0     7:20   0:00   0:21 
Zach Werenski            0  0  0  -1  4   1  1  1  2  0  0/0    18:05   1:23   0:00 

3 Stars

1 - Henrik Sedin (Clb)
2 - Claude Giroux (TOR)
3 - Rickard Rakell (Clb)

Power Play

Blue Jackets - 2 on 7 Attempt(s) - 28.57%
Maple Leafs - 0 on 1 Attempt(s) - 0.00%

Penalty Kill

Blue Jackets - 1 on 1 Attempt(s) - 100.00% - Score 0 goal in Penalty Kill
Maple Leafs - 5 on 7 Attempt(s) - 71.43% - Score 0 goal in Penalty Kill

Team Stat

Blue Jackets - Hits : 16 - Faceoff Wins : 30 - Blocked Shots : 12 - Penalty Minutes : 2
Maple Leafs - Hits : 16 - Faceoff Wins : 28 - Blocked Shots : 10 - Penalty Minutes : 14

Official

Referees : Brian Pochmara and Wes McCauley
Linesman : Vaughan Rody and James Tobias

Game Notes

Emerson Etem is injured at 11:18 of 1st period (Fractured Left Foot)
19:16 of 1st period - Blue Jackets goal is going for a video replay. After video review, Goal.

Finance

Level 1 -- Attendance: 6000 (100.00%) -- Ticket Income $600,000
Level 2 -- Attendance: 5000 (100.00%) -- Ticket Income $300,000
Level 3 -- Attendance: 1853 (92.65%) -- Ticket Income $64,855
Level 4 -- Attendance: 4000 (100.00%) -- Ticket Income $100,000
Luxury Box -- Attendance: 1000 (100.00%) -- Ticket Income $200,000
Game was played at the Scotiabank Arena.
Total Attendance: 17853 (99.18%)
Total Ticket Income: $1,264,855
Other Income: $189,728
Total Income: $1,454,583

Blue Jackets

5 vs 5 Forward 
   Center                   Left Wing                Right Wing               Time % Phy DF OF 
 1 Tyler Seguin             Artemi Panarin           Bobby Ryan               40     1   2  2  
 2 Henrik Sedin             Brandon Bollig           Rickard Rakell           30     1   2  2  
 3 Tim Connolly             Emerson Etem             Tyler Kennedy            20     1   2  2  
 4 Kevin Porter             Tyler Seguin             Devin Setoguchi          10     1   2  2  

5 vs 5 Defense 
   Defense                  Defense                                           Time % Phy DF OF 
 1 Mike Lundin              Cam Fowler                                        40     1   2  2  
 2 Rob Scuderi              Dennis Wideman                                    30     1   2  2  
 3 Ryan Wilson              Shea Theodore                                     20     1   2  2  
 4 Mike Lundin              Cam Fowler                                        10     1   2  2  

PowerPlay Forward 
   Center                   Left Wing                Right Wing               Time % Phy DF OF 
 1 Tyler Seguin             Artemi Panarin           Bobby Ryan               60     1   2  2  
 2 Henrik Sedin             Brandon Bollig           Rickard Rakell           40     1   2  2  

PowerPlay Defense
   Defense                  Defense                                           Time % Phy DF OF 
 1 Mike Lundin              Cam Fowler                                        60     1   2  2  
 2 Rob Scuderi              Dennis Wideman                                    40     1   2  2  

Penalty Kill 4 Players Forward 
   Center                   Wing                     Time % Phy DF OF 
 1 Tyler Seguin             Artemi Panarin           60     1   2  2  
 2 Henrik Sedin             Bobby Ryan               40     1   2  2  

Penalty Kill 4 Players Defense
   Defense                  Defense                  Time % Phy DF OF 
 1 Mike Lundin              Cam Fowler               60     1   2  2  
 2 Rob Scuderi              Dennis Wideman           40     1   2  2  

Penalty Kill - 3 Players Forward 
   Forward                                           Time % Phy DF OF 
 1 Tyler Seguin                                      60     1   2  2  
 2 Artemi Panarin                                    40     1   2  2  

Penalty Kill - 3 Players Defense
   Defense                  Defense                  Time % Phy DF OF 
 1 Mike Lundin              Cam Fowler               60     1   2  2  
 2 Rob Scuderi              Dennis Wideman           40     1   2  2  

4 vs 4 Forward 
   Center                   Wing                     Time % Phy DF OF 
 1 Tyler Seguin             Artemi Panarin           60     1   2  2  
 2 Henrik Sedin             Bobby Ryan               40     1   2  2  

4 vs 4 Defense
   Defense                  Defense                  Time % Phy DF OF 
 1 Mike Lundin              Cam Fowler               60     1   2  2  
 2 Rob Scuderi              Dennis Wideman           40     1   2  2  

Last Minutes Offensive
   Center                   Left Wing                Right Wing               Defense                  Defense                  
   Tyler Seguin             Artemi Panarin           Bobby Ryan               Mike Lundin              Cam Fowler               

Last Minutes Defensive
   Center                   Left Wing                Right Wing               Defense                  Defense                  
   Tyler Seguin             Artemi Panarin           Bobby Ryan               Mike Lundin              Cam Fowler               

Goaltenders
Starting : Rick DiPietro            
Backup : Jonas Gustavsson         

Extra Forwards
Normal : T.J. Oshie, Tyler Kennedy, Devin Setoguchi - PP : T.J. Oshie, Tyler Kennedy - PK : Devin Setoguchi
Extra Defensemen
Normal : Ryan Wilson, Shea Theodore, Rob Scuderi - PP : Ryan Wilson - PK : Shea Theodore, Rob Scuderi
Penalty Shots
Tyler Seguin, Artemi Panarin, Henrik Sedin, Bobby Ryan, Rickard Rakell

Scratches
Andreas Nodl (Healthy), Colton Parayko (Facial Surgery Injury), Martin Havlat (Healthy), Zac Dalpe (Torso Injury)

Maple Leafs

5 vs 5 Forward 
   Center                   Left Wing                Right Wing               Time % Phy DF OF 
 1 Brayden Schenn           Claude Giroux            Andre Burakovsky         40     1   2  2  
 2 Logan Couture            Jake Guentzel            Patrick Kane             30     1   2  2  
 3 Bo Horvat                Brandon Saad             Beau Bennett             20     1   2  2  
 4 Patrice Cormier          Tim Schaller             Pontus Aberg             10     1   2  2  

5 vs 5 Defense 
   Defense                  Defense                                           Time % Phy DF OF 
 1 Hampus Lindholm          Zach Werenski                                     40     1   2  2  
 2 Jon Merrill              John Klingberg                                    30     1   2  2  
 3 Ryan Parent              Braydon Coburn                                    20     1   2  2  
 4 Hampus Lindholm          John Klingberg                                    10     1   2  2  

PowerPlay Forward 
   Center                   Left Wing                Right Wing               Time % Phy DF OF 
 1 Brayden Schenn           Claude Giroux            Patrick Kane             60     1   2  2  
 2 Bo Horvat                Jake Guentzel            Andre Burakovsky         40     1   2  2  

PowerPlay Defense
   Defense                  Defense                                           Time % Phy DF OF 
 1 Hampus Lindholm          Zach Werenski                                     60     1   2  2  
 2 Jon Merrill              John Klingberg                                    40     1   2  2  

Penalty Kill 4 Players Forward 
   Center                   Wing                     Time % Phy DF OF 
 1 Brayden Schenn           Claude Giroux            60     1   2  2  
 2 Logan Couture            Jake Guentzel            40     1   2  2  

Penalty Kill 4 Players Defense
   Defense                  Defense                  Time % Phy DF OF 
 1 Jon Merrill              Braydon Coburn           60     1   2  2  
 2 Hampus Lindholm          John Klingberg           40     1   2  2  

Penalty Kill - 3 Players Forward 
   Forward                                           Time % Phy DF OF 
 1 Patrice Cormier                                   60     1   2  2  
 2 Logan Couture                                     40     1   2  2  

Penalty Kill - 3 Players Defense
   Defense                  Defense                  Time % Phy DF OF 
 1 Braydon Coburn           Jon Merrill              60     1   2  2  
 2 Hampus Lindholm          John Klingberg           40     1   2  2  

4 vs 4 Forward 
   Center                   Wing                     Time % Phy DF OF 
 1 Brayden Schenn           Claude Giroux            60     1   2  2  
 2 Logan Couture            Jake Guentzel            40     1   2  2  

4 vs 4 Defense
   Defense                  Defense                  Time % Phy DF OF 
 1 Hampus Lindholm          John Klingberg           60     1   2  2  
 2 Jon Merrill              Braydon Coburn           40     1   2  2  

Last Minutes Offensive
   Center                   Left Wing                Right Wing               Defense                  Defense                  
   Brayden Schenn           Claude Giroux            Patrick Kane             Hampus Lindholm          John Klingberg           

Last Minutes Defensive
   Center                   Left Wing                Right Wing               Defense                  Defense                  
   Brayden Schenn           Claude Giroux            Patrick Kane             Braydon Coburn           Jon Merrill              

Goaltenders
Starting : John Gibson              
Backup : Martin Jones             

Extra Forwards
Normal : Jake Guentzel, Patrick Kane, Bo Horvat - PP : Jake Guentzel, Logan Couture - PK : Jake Guentzel
Extra Defensemen
Normal : Braydon Coburn, Ryan Parent, Zach Werenski - PP : Braydon Coburn - PK : Braydon Coburn, Ryan Parent
Penalty Shots
Claude Giroux, Patrick Kane, Andre Burakovsky, Logan Couture, Brayden Schenn

Scratches
None


% Time on Ice - Blue Jackets

Lines # - Real PCT - Wanted PCT - Time Play
Normal Forward
1 - 28% - 40% - 12:34
2 - 32% - 30% - 14:39
3 - 30% - 20% - 13:28
4 - 11% - 10% - 4:56
Normal Defense
1 - 39% - 40% - 17:41
2 - 34% - 30% - 15:23
3 - 24% - 20% - 11:01
4 - 3% - 10% - 1:32
PP Forward
1 - 61% - 60% - 6:47
2 - 39% - 40% - 4:25
PP Defense
1 - 63% - 60% - 7:05
2 - 37% - 40% - 4:07
PK Forward
1 - 72% - 60% - 1:26
2 - 28% - 40% - 0:33
PK Defense
1 - 60% - 60% - 1:11
2 - 40% - 40% - 0:48
PK3 Forward
1 - 0% - 60%
2 - 0% - 40%
PK3 Defense
1 - 0% - 60%
2 - 0% - 40%
44 Forward
1 - 0% - 60%
2 - 0% - 40%
44 Defense
1 - 0% - 60%
2 - 0% - 40%
Last Minute Offensive  - 0:00
Last Minute Defensive  - 1:12
Total
Forward - 60:00
Defense - 60:00

% Time on Ice - Maple Leafs

Lines # - Real PCT - Wanted PCT - Time Play
Normal Forward
1 - 35% - 40% - 16:08
2 - 25% - 30% - 11:34
3 - 25% - 20% - 11:14
4 - 15% - 10% - 6:40
Normal Defense
1 - 42% - 40% - 19:01
2 - 30% - 30% - 13:34
3 - 23% - 20% - 10:37
4 - 5% - 10% - 2:24
PP Forward
1 - 55% - 60% - 1:06
2 - 45% - 40% - 0:53
PP Defense
1 - 70% - 60% - 1:23
2 - 30% - 40% - 0:36
PK Forward
1 - 78% - 60% - 8:41
2 - 22% - 40% - 2:31
PK Defense
1 - 60% - 60% - 6:42
2 - 40% - 40% - 4:30
PK3 Forward
1 - 0% - 60%
2 - 0% - 40%
PK3 Defense
1 - 0% - 60%
2 - 0% - 40%
44 Forward
1 - 0% - 60%
2 - 0% - 40%
44 Defense
1 - 0% - 60%
2 - 0% - 40%
Last Minute Offensive  - 1:13
Last Minute Defensive  - 0:00
Total
Forward - 60:00
Defense - 60:00

Play-by-Play

1st period


0:01 of 1st period - Tyler Seguin wins face-off versus Brayden Schenn in neutral zone.
0:34 of 1st period - Patrick Kane is hit by Rickard Rakell and loses puck.
0:57 of 1st period - Tyler Kennedy is hit by Brandon Saad and loses puck.
1:42 of 1st period - Andre Burakovsky is hit by Cam Fowler and loses puck.
2:00 of 1st period - Icing by Mike Lundin.
2:01 of 1st period - Kevin Porter wins face-off versus Logan Couture in Blue Jackets zone.
2:01 of 1st period - Kevin Porter is hit by Patrick Kane.
2:12 of 1st period - Minor Penalty to Patrick Kane for Hooking.
2:13 of 1st period - Brayden Schenn wins face-off versus Tyler Seguin in Maple Leafs zone.
2:24 of 1st period - Snap shot by Bobby Ryan.
2:24 of 1st period - Stopped by John Gibson with a rebound.
2:26 of 1st period - Wrist shot by Mike Lundin.
2:26 of 1st period - Deflect By Artemi Panarin.
2:26 of 1st period - Shot Misses the Net.
2:26 of 1st period - Puck is out of play.
2:27 of 1st period - Tyler Seguin wins face-off versus Brayden Schenn in Maple Leafs zone.
2:36 of 1st period - Wrist shot by Tyler Seguin.
2:36 of 1st period - Stopped by John Gibson without a rebound.
2:37 of 1st period - Brayden Schenn wins face-off versus Tyler Seguin in Maple Leafs zone.
3:07 of 1st period - Icing by Cam Fowler.
3:08 of 1st period - Logan Couture wins face-off versus Tyler Seguin in Blue Jackets zone.
4:07 of 1st period - Brayden Schenn is hit by Brandon Bollig.
4:12 of 1st period - Penalty to Patrick Kane is over, Patrick Kane is back on ice.
4:31 of 1st period - Slapshot by Tyler Kennedy.
4:31 of 1st period - Shot Blocked by Claude Giroux.
5:16 of 1st period - Wrist shot by Logan Couture.
5:16 of 1st period - Stopped by Rick DiPietro without a rebound.
5:17 of 1st period - Logan Couture wins face-off versus Kevin Porter in Blue Jackets zone.
5:40 of 1st period - Wrist shot by Rickard Rakell.
5:40 of 1st period - Shot Misses the Net.
5:42 of 1st period - Slapshot by Shea Theodore.
5:42 of 1st period - Stopped by John Gibson without a rebound.
5:43 of 1st period - Bo Horvat wins face-off versus Henrik Sedin in Maple Leafs zone.
6:24 of 1st period - Jon Merrill is hit by Tyler Seguin and loses puck.
6:59 of 1st period - Snap shot by Brandon Bollig.
6:59 of 1st period - Stopped by John Gibson without a rebound.
7:00 of 1st period - Logan Couture wins face-off versus Henrik Sedin in Maple Leafs zone.
7:13 of 1st period - Slapshot by Rickard Rakell.
7:13 of 1st period - Shot Misses the Net.
7:15 of 1st period - Slapshot by Cam Fowler.
7:15 of 1st period - Shot Misses the Net.
7:25 of 1st period - Ryan Parent is hit by Artemi Panarin and loses puck.
7:32 of 1st period - Snap shot by Tyler Seguin.
7:32 of 1st period - Shot Misses the Net.
8:49 of 1st period - Snap shot by Brayden Schenn.
8:49 of 1st period - Deflect By Claude Giroux.
8:49 of 1st period - Stopped by Rick DiPietro with a rebound.
8:51 of 1st period - Backhand shot by Hampus Lindholm.
8:51 of 1st period - Stopped by Rick DiPietro without a rebound.
8:52 of 1st period - Brayden Schenn wins face-off versus Henrik Sedin in Blue Jackets zone.
9:01 of 1st period - Snap shot by Brayden Schenn.
9:01 of 1st period - Shot Blocked by Rickard Rakell.
10:36 of 1st period - Wrist shot by Claude Giroux.
10:36 of 1st period - Shot Blocked by Rickard Rakell.
10:47 of 1st period - Wrist shot by Rickard Rakell.
10:47 of 1st period - Shot Blocked by Jon Merrill.
10:49 of 1st period - Slapshot by Mike Lundin.
10:49 of 1st period - Stopped by John Gibson without a rebound.
10:50 of 1st period - Logan Couture wins face-off versus Tyler Seguin in Maple Leafs zone.
11:03 of 1st period - Slapshot by Artemi Panarin.
11:03 of 1st period - Shot Blocked by Logan Couture.
11:05 of 1st period - Slapshot by Dennis Wideman.
11:05 of 1st period - Shot Misses the Net.
11:07 of 1st period - Snap shot by Bobby Ryan.
11:07 of 1st period - Stopped by John Gibson with a rebound.
11:17 of 1st period - Emerson Etem is hit by Tim Schaller.
11:18 of 1st period - Emerson Etem from Blue Jackets is injured at 11:18 of 1st period (Fractured Left Foot).
11:19 of 1st period - Tyler Seguin wins face-off versus Logan Couture in Blue Jackets zone.
11:19 of 1st period - Tyler Seguin is hit by John Klingberg.
11:29 of 1st period - Slapshot by Tyler Seguin.
11:29 of 1st period - Stopped by John Gibson without a rebound.
11:30 of 1st period - Logan Couture wins face-off versus Tyler Seguin in Maple Leafs zone.
11:43 of 1st period - Snap shot by Tyler Seguin.
11:43 of 1st period - Shot Misses the Net.
11:57 of 1st period - Rob Scuderi is hit by Andre Burakovsky and loses puck.
12:52 of 1st period - Rob Scuderi is hit by Jake Guentzel and loses puck.
14:10 of 1st period - Jon Merrill is hit by Artemi Panarin and loses puck.
14:27 of 1st period - Slapshot by John Klingberg.
14:27 of 1st period - Shot Misses the Net.
14:29 of 1st period - Wrist shot by Jon Merrill.
14:29 of 1st period - Stopped by Rick DiPietro without a rebound.
14:30 of 1st period - Henrik Sedin wins face-off versus Brayden Schenn in Blue Jackets zone.
14:57 of 1st period - Slapshot by Claude Giroux.
14:57 of 1st period - Deflect By Brayden Schenn.
14:57 of 1st period - Stopped by Rick DiPietro without a rebound.
14:58 of 1st period - Logan Couture wins face-off versus Tyler Seguin in Blue Jackets zone.
16:40 of 1st period - Wrist shot by Logan Couture.
16:40 of 1st period - Stopped by Rick DiPietro with a rebound.
16:42 of 1st period - Snap shot by Patrick Kane.
16:42 of 1st period - Shot Misses the Net.
16:44 of 1st period - Wrist shot by Patrick Kane.
16:44 of 1st period - Deflect By Cam Fowler.
16:44 of 1st period - Stopped by Rick DiPietro with a rebound.
16:46 of 1st period - Wrist shot by Logan Couture.
16:46 of 1st period - Stopped by Rick DiPietro without a rebound.
16:47 of 1st period - Bo Horvat wins face-off versus Tyler Seguin in Blue Jackets zone.
16:51 of 1st period - Icing by Artemi Panarin.
16:52 of 1st period - Tyler Seguin wins face-off versus Beau Bennett in Blue Jackets zone.
17:26 of 1st period - Snap shot by Tyler Kennedy.
17:26 of 1st period - Stopped by John Gibson with a rebound.
18:30 of 1st period - Minor Penalty to Patrice Cormier for High sticking.
18:31 of 1st period - Tyler Seguin wins face-off versus Brayden Schenn in Maple Leafs zone.
18:40 of 1st period - Snap shot by Artemi Panarin.
18:40 of 1st period - Stopped by John Gibson without a rebound.
18:41 of 1st period - Tyler Seguin wins face-off versus Brayden Schenn in Maple Leafs zone.
18:56 of 1st period - Snap shot by Tyler Seguin.
18:56 of 1st period - Shot Blocked by Jon Merrill.
18:58 of 1st period - Snap shot by Artemi Panarin.
18:58 of 1st period - Shot Misses the Net.
19:00 of 1st period - Snap shot by Artemi Panarin.
19:00 of 1st period - Shot Blocked by Brayden Schenn.
19:02 of 1st period - Slapshot by Artemi Panarin.
19:02 of 1st period - Deflect By Tyler Seguin.
19:02 of 1st period - Stopped by John Gibson without a rebound.
19:03 of 1st period - Henrik Sedin wins face-off versus Brayden Schenn in Maple Leafs zone.
19:12 of 1st period - Snap shot by Rickard Rakell.
19:12 of 1st period - Shot Misses the Net.
19:14 of 1st period - Snap shot by Brandon Bollig.
19:14 of 1st period - Shot Misses the Net.
19:16 of 1st period - Snap shot by Henrik Sedin.
19:16 of 1st period - Blue Jackets goal is going for a video replay.
19:16 of 1st period - The goal is good.
19:16 of 1st period - Goal by Henrik Sedin - Blue Jackets : 1 - Maple Leafs : 0.
19:17 of 1st period - Tyler Seguin wins face-off versus Andre Burakovsky in neutral zone.
19:40 of 1st period - Minor Penalty to Mike Lundin for High sticking.
19:41 of 1st period - Brayden Schenn wins face-off versus Tyler Seguin in Blue Jackets zone.
Goals for this period are 1 for Blue Jackets vs 0 for Maple Leafs.
Shots for this period are 11 for Blue Jackets vs 8 for Maple Leafs.

2nd period


0:01 of 2nd period - Tyler Seguin wins face-off versus Brayden Schenn in neutral zone.
1:40 of 2nd period - Penalty to Mike Lundin is over, Mike Lundin is back on ice.
1:50 of 2nd period - Slapshot by Dennis Wideman.
1:50 of 2nd period - Stopped by John Gibson without a rebound.
1:51 of 2nd period - Tim Connolly wins face-off versus Patrice Cormier in Maple Leafs zone.
2:16 of 2nd period - Cam Fowler is hit by Claude Giroux and loses puck.
2:25 of 2nd period - Brayden Schenn is hit by Brandon Bollig.
4:08 of 2nd period - Snap shot by Tim Connolly.
4:08 of 2nd period - Shot Misses the Net.
4:22 of 2nd period - Slapshot by John Klingberg.
4:22 of 2nd period - Stopped by Rick DiPietro with a rebound.
4:24 of 2nd period - Wrist shot by Bo Horvat.
4:24 of 2nd period - Stopped by Rick DiPietro with a rebound.
4:38 of 2nd period - Wrist shot by Beau Bennett.
4:38 of 2nd period - Shot Misses the Net.
4:40 of 2nd period - Snap shot by Jon Merrill.
4:40 of 2nd period - Deflect By Tyler Seguin.
4:40 of 2nd period - Stopped by Rick DiPietro with a rebound.
4:42 of 2nd period - Wrist shot by Beau Bennett.
4:42 of 2nd period - Stopped by Rick DiPietro with a rebound.
4:44 of 2nd period - Snap shot by Brandon Saad.
4:44 of 2nd period - Stopped by Rick DiPietro without a rebound.
4:45 of 2nd period - Brayden Schenn wins face-off versus Henrik Sedin in Blue Jackets zone.
5:10 of 2nd period - Mike Lundin is hit by Logan Couture and loses puck.
5:17 of 2nd period - Snap shot by Logan Couture.
5:17 of 2nd period - Shot Misses the Net.
5:33 of 2nd period - Snap shot by Patrice Cormier.
5:33 of 2nd period - Shot Hit the Post.
5:35 of 2nd period - Snap shot by Tim Schaller.
5:35 of 2nd period - Shot Misses the Net.
5:37 of 2nd period - Wrist shot by Patrice Cormier.
5:37 of 2nd period - Stopped by Rick DiPietro without a rebound.
5:38 of 2nd period - Brayden Schenn wins face-off versus Henrik Sedin in Blue Jackets zone.
6:05 of 2nd period - Wrist shot by Bobby Ryan.
6:05 of 2nd period - Deflect By Artemi Panarin.
6:05 of 2nd period - Shot Blocked by Claude Giroux.
6:05 of 2nd period - Puck is out of play.
6:06 of 2nd period - Logan Couture wins face-off versus Tyler Seguin in Maple Leafs zone.
6:13 of 2nd period - Wrist shot by Jake Guentzel.
6:13 of 2nd period - Shot Blocked by Cam Fowler.
6:29 of 2nd period - Wrist shot by Patrice Cormier.
6:29 of 2nd period - Deflect By Pontus Aberg.
6:29 of 2nd period - Stopped by Rick DiPietro without a rebound.
6:30 of 2nd period - Henrik Sedin wins face-off versus Patrice Cormier in Blue Jackets zone.
6:35 of 2nd period - Tim Schaller is hit by Rickard Rakell and loses puck.
6:40 of 2nd period - Snap shot by Brandon Bollig.
6:40 of 2nd period - Shot Misses the Net.
6:42 of 2nd period - Slapshot by Rickard Rakell.
6:42 of 2nd period - Shot Misses the Net.
6:44 of 2nd period - Wrist shot by Dennis Wideman.
6:44 of 2nd period - Stopped by John Gibson with a rebound.
7:01 of 2nd period - Wrist shot by Artemi Panarin.
7:01 of 2nd period - Shot Misses the Net.
7:25 of 2nd period - Wrist shot by Logan Couture.
7:25 of 2nd period - Shot Blocked by Cam Fowler.
7:43 of 2nd period - Patrick Kane is hit by Ryan Wilson.
7:47 of 2nd period - Slapshot by Ryan Parent.
7:47 of 2nd period - Stopped by Rick DiPietro without a rebound.
7:48 of 2nd period - Brayden Schenn wins face-off versus Kevin Porter in Blue Jackets zone.
7:53 of 2nd period - Slapshot by Claude Giroux.
7:53 of 2nd period - Shot Misses the Net.
8:13 of 2nd period - Brandon Bollig is hit by Beau Bennett and loses puck.
8:44 of 2nd period - Snap shot by Tyler Kennedy.
8:44 of 2nd period - Shot Misses the Net.
9:08 of 2nd period - Snap shot by Patrick Kane.
9:08 of 2nd period - Shot Blocked by Mike Lundin.
9:24 of 2nd period - Minor Penalty to Claude Giroux for Slashing.
9:25 of 2nd period - Tyler Seguin wins face-off versus Brayden Schenn in Maple Leafs zone.
9:56 of 2nd period - Snap shot by Brandon Bollig.
9:56 of 2nd period - Stopped by John Gibson with a rebound.
11:24 of 2nd period - Penalty to Claude Giroux is over, Claude Giroux is back on ice.
11:42 of 2nd period - Snap shot by Claude Giroux.
11:42 of 2nd period - Goal by Claude Giroux - Blue Jackets : 1 - Maple Leafs : 1.
11:43 of 2nd period - Tyler Seguin wins face-off versus Logan Couture in neutral zone.
11:50 of 2nd period - Snap shot by Tyler Seguin.
11:50 of 2nd period - Stopped by John Gibson with a rebound.
12:15 of 2nd period - Wrist shot by Rickard Rakell.
12:15 of 2nd period - Shot Misses the Net.
12:17 of 2nd period - Slapshot by Mike Lundin.
12:17 of 2nd period - Shot Blocked by Zach Werenski.
12:19 of 2nd period - Slapshot by Rickard Rakell.
12:19 of 2nd period - Deflect By Henrik Sedin.
12:19 of 2nd period - Goal by Henrik Sedin - Blue Jackets : 2 - Maple Leafs : 1.
12:20 of 2nd period - Tyler Seguin wins face-off versus Brayden Schenn in neutral zone.
12:37 of 2nd period - Wrist shot by Tyler Seguin.
12:37 of 2nd period - Shot Misses the Net.
13:54 of 2nd period - Slapshot by Dennis Wideman.
13:54 of 2nd period - Stopped by John Gibson without a rebound.
13:55 of 2nd period - Brayden Schenn wins face-off versus Henrik Sedin in Maple Leafs zone.
14:14 of 2nd period - Andre Burakovsky is hit by Cam Fowler and loses puck.
14:31 of 2nd period - Snap shot by Claude Giroux.
14:31 of 2nd period - Deflect By Andre Burakovsky.
14:31 of 2nd period - Shot Blocked by Henrik Sedin.
14:31 of 2nd period - Puck is out of play.
14:32 of 2nd period - Tyler Seguin wins face-off versus Logan Couture in Blue Jackets zone.
14:32 of 2nd period - Tyler Seguin is hit by Logan Couture.
14:48 of 2nd period - Snap shot by John Klingberg.
14:48 of 2nd period - Shot Blocked by Artemi Panarin.
17:12 of 2nd period - Shea Theodore is hit by Brandon Saad and loses puck.
17:17 of 2nd period - Snap shot by Beau Bennett.
17:17 of 2nd period - Stopped by Rick DiPietro without a rebound.
17:18 of 2nd period - Brayden Schenn wins face-off versus Henrik Sedin in Blue Jackets zone.
18:12 of 2nd period - Backhand shot by Tyler Kennedy.
18:12 of 2nd period - Shot Blocked by Beau Bennett.
18:14 of 2nd period - Backhand shot by Tim Connolly.
18:14 of 2nd period - Stopped by John Gibson without a rebound.
18:15 of 2nd period - Bobby Ryan wins face-off versus Brayden Schenn in Maple Leafs zone.
18:20 of 2nd period - Backhand shot by Artemi Panarin.
18:20 of 2nd period - Deflect By Hampus Lindholm.
18:20 of 2nd period - Shot Misses the Net.
18:20 of 2nd period - Puck is out of play.
18:21 of 2nd period - Tyler Seguin wins face-off versus Brayden Schenn in Maple Leafs zone.
18:54 of 2nd period - Henrik Sedin is hit by Patrick Kane and loses puck.
19:33 of 2nd period - John Klingberg is hit by Bobby Ryan and loses puck.
19:51 of 2nd period - Slapshot by Tyler Kennedy.
19:51 of 2nd period - Stopped by John Gibson without a rebound.
19:52 of 2nd period - Tim Connolly wins face-off versus Andre Burakovsky in Maple Leafs zone.
Goals for this period are 1 for Blue Jackets vs 1 for Maple Leafs.
Shots for this period are 8 for Blue Jackets vs 10 for Maple Leafs.

3rd period


0:01 of 3rd period - Tyler Seguin wins face-off versus Brayden Schenn in neutral zone.
0:12 of 3rd period - Snap shot by Claude Giroux.
0:12 of 3rd period - Stopped by Rick DiPietro with a rebound.
0:14 of 3rd period - Slapshot by Zach Werenski.
0:14 of 3rd period - Stopped by Rick DiPietro with a rebound.
0:16 of 3rd period - Slapshot by Zach Werenski.
0:16 of 3rd period - Shot Blocked by Cam Fowler.
0:27 of 3rd period - Minor Penalty to Zach Werenski for Tripping.
0:28 of 3rd period - Brayden Schenn wins face-off versus Tyler Seguin in Maple Leafs zone.
0:37 of 3rd period - Braydon Coburn is hit by Tyler Seguin and loses puck.
1:03 of 3rd period - Off-side.
1:04 of 3rd period - Logan Couture wins face-off versus Henrik Sedin in neutral zone.
1:33 of 3rd period - Snap shot by Claude Giroux.
1:33 of 3rd period - Shot Blocked by Brandon Bollig.
1:43 of 3rd period - Slapshot by Dennis Wideman.
1:43 of 3rd period - Shot Misses the Net.
1:45 of 3rd period - Slapshot by Dennis Wideman.
1:45 of 3rd period - Deflect By Hampus Lindholm.
1:45 of 3rd period - Stopped by John Gibson with a rebound.
1:51 of 3rd period - Snap shot by Rickard Rakell.
1:51 of 3rd period - Stopped by John Gibson without a rebound.
1:52 of 3rd period - Artemi Panarin wins face-off versus Brayden Schenn in Maple Leafs zone.
2:27 of 3rd period - Penalty to Zach Werenski is over, Zach Werenski is back on ice.
2:43 of 3rd period - Off-side.
2:44 of 3rd period - Tim Connolly wins face-off versus Logan Couture in neutral zone.
3:06 of 3rd period - Wrist shot by Bo Horvat.
3:06 of 3rd period - Deflect By Beau Bennett.
3:06 of 3rd period - Stopped by Rick DiPietro without a rebound.
3:07 of 3rd period - Henrik Sedin wins face-off versus Bo Horvat in Blue Jackets zone.
3:20 of 3rd period - Snap shot by Brandon Bollig.
3:20 of 3rd period - Shot Blocked by Hampus Lindholm.
3:34 of 3rd period - Snap shot by Tyler Seguin.
3:34 of 3rd period - Shot Blocked by Beau Bennett.
3:52 of 3rd period - Wrist shot by Tyler Kennedy.
3:52 of 3rd period - Stopped by John Gibson without a rebound.
3:53 of 3rd period - Tim Connolly wins face-off versus Brayden Schenn in Maple Leafs zone.
4:45 of 3rd period - Wrist shot by Claude Giroux.
4:45 of 3rd period - Shot Misses the Net.
4:47 of 3rd period - Slapshot by Braydon Coburn.
4:47 of 3rd period - Stopped by Rick DiPietro with a rebound.
5:10 of 3rd period - Backhand shot by Andre Burakovsky.
5:10 of 3rd period - Shot Misses the Net.
5:16 of 3rd period - Snap shot by Brayden Schenn.
5:16 of 3rd period - Shot Blocked by T.J. Oshie.
5:18 of 3rd period - Snap shot by Andre Burakovsky.
5:18 of 3rd period - Goal by Andre Burakovsky - Blue Jackets : 2 - Maple Leafs : 2.
5:19 of 3rd period - Tyler Seguin wins face-off versus Logan Couture in neutral zone.
5:32 of 3rd period - Wrist shot by Jake Guentzel.
5:32 of 3rd period - Deflect By Artemi Panarin.
5:32 of 3rd period - Stopped by Rick DiPietro with a rebound.
5:34 of 3rd period - Wrist shot by Jake Guentzel.
5:34 of 3rd period - Stopped by Rick DiPietro with a rebound.
5:36 of 3rd period - Snap shot by Logan Couture.
5:36 of 3rd period - Shot Blocked by Artemi Panarin.
6:47 of 3rd period - Ryan Wilson is hit by Brandon Saad and loses puck.
6:52 of 3rd period - Wrist shot by Beau Bennett.
6:52 of 3rd period - Shot Misses the Net.
6:54 of 3rd period - Wrist shot by Braydon Coburn.
6:54 of 3rd period - Stopped by Rick DiPietro with a rebound.
6:56 of 3rd period - Slapshot by Ryan Parent.
6:56 of 3rd period - Stopped by Rick DiPietro without a rebound.
6:57 of 3rd period - Brayden Schenn wins face-off versus Tim Connolly in Blue Jackets zone.
7:06 of 3rd period - Braydon Coburn is hit by Mike Lundin and loses puck.
7:23 of 3rd period - Mike Lundin is hit by Patrick Kane and loses puck.
8:00 of 3rd period - Minor Penalty to Brandon Saad for Hooking.
8:01 of 3rd period - Henrik Sedin wins face-off versus Brayden Schenn in Maple Leafs zone.
8:07 of 3rd period - Wrist shot by Rickard Rakell.
8:07 of 3rd period - Stopped by John Gibson with a rebound.
8:15 of 3rd period - Wrist shot by Brandon Bollig.
8:15 of 3rd period - Shot Misses the Net.
8:17 of 3rd period - Slapshot by Henrik Sedin.
8:17 of 3rd period - Stopped by John Gibson without a rebound.
8:18 of 3rd period - Bobby Ryan wins face-off versus Brayden Schenn in Maple Leafs zone.
8:19 of 3rd period - Snap shot by Tyler Seguin.
8:19 of 3rd period - Shot Misses the Net.
8:23 of 3rd period - Snap shot by Artemi Panarin.
8:23 of 3rd period - Shot Misses the Net.
8:25 of 3rd period - Snap shot by Artemi Panarin.
8:25 of 3rd period - Stopped by John Gibson without a rebound.
8:26 of 3rd period - Tyler Seguin wins face-off versus Brayden Schenn in Maple Leafs zone.
8:29 of 3rd period - Slapshot by Bobby Ryan.
8:29 of 3rd period - Stopped by John Gibson with a rebound.
8:31 of 3rd period - Wrist shot by Artemi Panarin.
8:31 of 3rd period - Deflect By Bobby Ryan.
8:31 of 3rd period - Goal by Bobby Ryan - Blue Jackets : 3 - Maple Leafs : 2.
8:32 of 3rd period - Brayden Schenn wins face-off versus Tyler Seguin in neutral zone.
8:37 of 3rd period - Slapshot by Claude Giroux.
8:37 of 3rd period - Stopped by Rick DiPietro without a rebound.
8:38 of 3rd period - Claude Giroux wins face-off versus Artemi Panarin in Blue Jackets zone.
8:48 of 3rd period - Icing by Andre Burakovsky.
8:49 of 3rd period - Brayden Schenn wins face-off versus Tyler Seguin in Maple Leafs zone.
9:11 of 3rd period - Minor Penalty to Zach Werenski for Hooking.
9:12 of 3rd period - Brayden Schenn wins face-off versus Tyler Seguin in Maple Leafs zone.
9:28 of 3rd period - Slapshot by Claude Giroux.
9:28 of 3rd period - Deflect By Brayden Schenn.
9:28 of 3rd period - Stopped by Rick DiPietro without a rebound.
9:29 of 3rd period - Brayden Schenn wins face-off versus Henrik Sedin in Blue Jackets zone.
11:05 of 3rd period - Braydon Coburn is hit by Brandon Bollig and loses puck.
11:11 of 3rd period - Penalty to Zach Werenski is over, Zach Werenski is back on ice.
11:52 of 3rd period - Shea Theodore is hit by Zach Werenski and loses puck.
13:20 of 3rd period - Wrist shot by Logan Couture.
13:20 of 3rd period - Stopped by Rick DiPietro without a rebound.
13:21 of 3rd period - Logan Couture wins face-off versus Kevin Porter in Blue Jackets zone.
13:26 of 3rd period - Snap shot by Logan Couture.
13:26 of 3rd period - Shot Blocked by Mike Lundin.
13:46 of 3rd period - Rickard Rakell is hit by Claude Giroux and loses puck.
14:19 of 3rd period - Wrist shot by Tyler Kennedy.
14:19 of 3rd period - Shot Misses the Net.
14:39 of 3rd period - Minor Penalty to Bo Horvat for High sticking.
14:40 of 3rd period - Brayden Schenn wins face-off versus Tyler Seguin in Maple Leafs zone.
15:12 of 3rd period - Logan Couture is hit by Henrik Sedin and loses puck.
16:39 of 3rd period - Penalty to Bo Horvat is over, Bo Horvat is back on ice.
17:26 of 3rd period - Slapshot by Patrick Kane.
17:26 of 3rd period - Deflect By Jake Guentzel.
17:26 of 3rd period - Stopped by Rick DiPietro with a rebound.
17:38 of 3rd period - Slapshot by Jon Merrill.
17:38 of 3rd period - Stopped by Rick DiPietro with a rebound.
17:40 of 3rd period - Snap shot by Andre Burakovsky.
17:40 of 3rd period - Stopped by Rick DiPietro with a rebound.
17:55 of 3rd period - Icing by Zach Werenski.
17:56 of 3rd period - Devin Setoguchi wins face-off versus Logan Couture in Maple Leafs zone.
18:32 of 3rd period - Snap shot by Tyler Kennedy.
18:32 of 3rd period - Shot Misses the Net.
18:40 of 3rd period - Tim Schaller is hit by T.J. Oshie and loses puck.
19:03 of 3rd period - Maple Leafs, John Gibson is pulled from the net.
19:11 of 3rd period - Wrist shot by Patrick Kane.
19:11 of 3rd period - Stopped by Rick DiPietro with a rebound.
Goals for this period are 1 for Blue Jackets vs 1 for Maple Leafs.
Shots for this period are 8 for Blue Jackets vs 16 for Maple Leafs.